 Dungeon Crawl Stone Soup version 0.25.0-9-g26727b657a (webtiles) character file.

Game seed: 8037155870711274505

93161 mopl the Destroyer (level 16, -8/140 HPs)
             Began as a Naga Conjurer on June 21, 2020.
             Was a High Priest of Vehumet.
             Mangled by a balrug
             ... wielding a +0 demon whip
             ... summoned by a deep elf demonologist
              (11 damage)
             ... on level 1 of the Elven Halls on June 22, 2020.
             The game lasted 01:36:13 (25165 turns).

mopl the Destroyer (Naga Conjurer)                 Turns: 25165, Time: 01:36:14

Health: -8/140     AC: 12    Str: 13    XL:     16   Next: 8%
Magic:  4/31       EV:  9    Int: 27    God:    Vehumet [*****.]
Gold:   4346       SH: 11    Dex: 11    Spells: 2/38 levels left

rFire    + . .     SeeInvis +   b - staff of energy
rCold    + . .     Gourm    .   U - +1 kite shield {rC+ rF+}
rNeg     . . .     Faith    .   W - +0 troll leather armour
rPois    +         Spirit   .   y - +0 helmet {Int+3}
rElec    .         Reflect  .   C - +0 cloak
rCorr    .         Harm     .   s - +2 pair of gloves {Str+3}
MR       ++++.                  (no barding)
Stlth    ++........             A - amulet of regeneration
HPRegen  1.13/turn              m - ring of protection from magic
MPRegen  0.22/turn              N - ring of protection from magic

@: very slow
A: large, see invisible, deformed body, poison resistance, slowness 2, slow
metabolism 1, spit poison 1, constrict 1, AC +5
a: Spit Poison, Renounce Religion


You were on level 1 of the Elven Halls.
You worshipped Vehumet.
Vehumet was extremely pleased with you.
You were not hungry.

You visited 5 branches of the dungeon, and saw 25 of its levels.
You also visited: Gauntlet and Ice Cave.

You collected 5315 gold pieces.
You spent 969 gold pieces at shops.

Inventory:

Hand Weapons
 a - a +2 trident of venom
Missiles
 p - 111 poisoned darts (quivered)
 Q - 26 curare-tipped darts
Armour
 s - a +2 pair of gloves of strength (worn)
 y - a +0 helmet of intelligence (worn)
 C - a +0 cloak (worn)
 U - a +1 kite shield of resistance (worn)
 W - a +0 troll leather armour (worn)
Magical Staves
 b - an uncursed staff of energy (weapon)
Jewellery
 m - a ring of protection from magic (left hand)
 A - an amulet of regeneration (around neck)
 D - an uncursed ring of flight
 N - a ring of protection from magic (right hand)
 O - a +4 ring of evasion
Wands
 v - a wand of iceblast (40)
 G - a wand of disintegration (15)
 J - a wand of paralysis (8)
 K - a wand of flame (54)
 P - a wand of acid (12)
 R - a wand of enslavement (11)
 S - a wand of polymorph (31)
Scrolls
 j - a scroll of torment {unknown}
 k - 5 scrolls of fog
 l - a scroll of immolation
 n - 12 scrolls of teleportation
 q - 8 scrolls of remove curse
 x - a scroll of blinking
 F - 4 scrolls of enchant weapon {unknown}
 H - 5 scrolls of magic mapping
 V - a scroll of fear
 Y - a scroll of vulnerability
 Z - 2 scrolls of silence
Potions
 d - 4 potions of heal wounds
 e - 4 potions of lignification
 g - 13 potions of curing
 i - 5 potions of magic
 o - 4 potions of flight
 r - a potion of brilliance
 t - 4 potions of might
 u - a potion of berserk rage
 I - 5 potions of ambrosia
 T - 5 potions of haste
Miscellaneous
 f - a box of beasts
 h - a phial of floods
 L - a tin of tremorstones (3/3)
Comestibles
 c - 31 rations
 w - 2 chunks of flesh


   Skills:
 + Level 8.3 Fighting
 - Level 1.5 Dodging
 - Level 3.0 Stealth
 * Level 8.8 Shields
 * Level 11.7 Spellcasting
 * Level 14.3 Conjurations
 - Level 7.0 Hexes
 - Level 6.0 Translocations
 + Level 1.5 Transmutations
 + Level 7.7 Fire Magic
 + Level 7.6 Earth Magic
 + Level 9.0 Evocations


You had 2 spell levels left.
You knew the following spells:

 Your Spells              Type           Power        Failure   Level  Hunger
a - Bolt of Magma         Conj/Fire/Erth ######....   1%          5    None
b - Searing Ray           Conj           ######       0%          2    None
c - Fulminant Prism       Conj/Hex       ######....   1%          4    None
d - Iskenderun's Mystic   Conj/Tloc      ######..     1%          4    None
e - Magic Dart            Conj           ####         0%          1    None
h - Starburst             Conj/Fire      ######....   2%          6    None
i - Irradiate             Conj/Tmut      ######....   1%          5    None
t - Tukima's Dance        Hex            ######..     1%          3    None
C - Freezing Cloud        Conj/Ice/Air   #####.....   26%         6    None

Your spell library contained the following spells:

 Spells                   Type           Power        Failure   Level  Hunger
 Corona                   Hex            ######.      1%          1    None
 Ensorcelled Hibernation  Hex/Ice        ####..       1%          2    None
 Sting                    Tmut/Pois      ###.         3%          1    None
 Summon Small Mammal      Summ           ###.         4%          1    None
 Call Imp                 Summ           ###.....     7%          2    None
 Poisonous Vapours        Pois/Air       ###...       7%          2    None
 Confusing Touch          Hex            ######..     1%          3    None
 Dazzling Flash           Conj/Hex       ######       1%          3    None
 Gell's Gravitas          Tloc           #####.....   1%          3    None
 Ignite Poison            Fire/Tmut/Pois ####....     1%          3    None
 Mephitic Cloud           Conj/Pois/Air  #####...     1%          3    None
 Portal Projectile        Hex/Tloc       ######       1%          3    None
 Iskenderun's Battlesphe  Conj/Chrm      ######..     1%          5    None
 Iron Shot                Conj/Erth      ######....   2%          6    None
 Summon Guardian Golem    Hex/Summ       ####....     3%          3    None
 Orb of Destruction       Conj           #######...   3%          7    None
 Yara's Violent Unravell  Hex/Tmut       #####.....   6%          5    None
 Petrify                  Tmut/Erth      #####...     7%          4    None
 Olgreb's Toxic Radiance  Pois           ###.....     13%         4    None
 Call Canine Familiar     Summ           ###.....     14%         3    None
 Metabolic Englaciation   Hex/Ice        ####......   30%         5    None
 Summon Ice Beast         Ice/Summ       ###.....     43%         4    None
 Summon Lightning Spire   Summ/Air       ###.....     43%         4    None
 Spellforged Servitor     Conj/Summ      ######....   45%         7    None
 Dispersal                Tloc           #####.....   52%         6    None
 Controlled Blink         Tloc           N/A          100%        8    None
 Disjunction              Tloc           #####.....   100%        8    None


Dungeon Overview and Level Annotations

Branches:
Dungeon (15/15)            Temple (1/1) D:6            Lair (6/6) D:9
 Shoals (0/4) Lair:3        Snake (0/4) Lair:3        Slime (0/5) Lair:6
    Orc (2/2) D:9             Elf (1/3) Orc:2        Vaults (0/5) D:14
 Depths (0/5) D:15          IceCv (visited)         Gauntlet (visited)

Altars:
Ashenzari
Cheibriados
Dithmenos
Elyvilon
Fedhas
Gozag
Hepliaklqana
Kikubaaqudgha
Makhleb
Nemelex Xobeh
Okawaru
Qazlal
Ru
Sif Muna
Trog
Uskayaw
Vehumet
Wu Jian
Xom
Yredelemnul
Zin
The Shining One
Beogh
Jiyva

Shops:
D:4 ![%[   D:12 [   Orc:2 :(}

Annotations:
Lair:6 bb elephants
Orc:2 3 runed translucent doors, grindst0ne's ghost, journeyman DDAr


Innate Abilities, Weirdness & Mutations

You cannot wear boots.
Your serpentine skin is tough. (AC +5)
You have supernaturally acute eyesight. (SInv)
Armour fits poorly on your strangely shaped body.
Your system is resistant to poisons. (rPois)
You cover ground very slowly.
You have a slow metabolism.
You can spit poison.
You can use your snake-like lower body to constrict enemies.


Message History

The reaper is severely wounded.
The balrug gestures at you.
The fireball explodes!
The fireball engulfs you!! You resist.
* * * LOW HITPOINT WARNING * * *
The fireball engulfs the balrug.
The balrug completely resists.
You hear a shout!
Unknown command.
You feel much better. The balrug gestures at you. Something smites you!
* * * LOW HITPOINT WARNING * * *
The deep elf demonologist casts a spell.
The soul eater draws from the surrounding life force!
* * * LOW HITPOINT WARNING * * *
The deep elf mage casts a spell.
The deep elf mage blinks!
The balrug hits you with a +0 demon whip!
* * * LOW HITPOINT WARNING * * *
You are engulfed in flames!
You resist.
You die...

.....(.### ......... .
#.)§○.... ..# #.# #.....
..#.###§# ..... ..#.#..)#
# #.#.. .#..#....E# .#
#... ..#..##.22(#####.###
#..#####.###..e@.........
#.. ..........3......>###
#.###.....e..2........#
##.##..................##
)).......................
####...................###
#...................#
###...............###
##.#........###.####


You could see a reaper (summoned), 2 balrugs, a soul eater (summoned), a deep
elf demonologist, a water elemental and a deep elf mage.

Vanquished Creatures
  A fire giant (D:15)
  An orc warlord (Orc:2)
  A minotaur (Gauntlet)
  Snorg (Lair:4)
  A death ooze (Gauntlet)
  Josephine (Lair:4)
  An ice dragon (D:14)
  A catoblepas (Lair:6)
  6 centaur warriors
  6 two-headed ogres
  6 hydras
  2 death yaks
  A death knight (D:14)
  2 large abominations (Gauntlet)
  3 orc high priests (Orc:2)
  Sonja (D:9)
  2 deep elf knights (Elf:1)
  4 skeletal warriors (D:14)
  3 unseen horrors
  A wizard (D:14)
  5 orc knights
  An orange crystal statue (D:11)
  A phantasmal warrior (D:14)
  A deep elf archer (Elf:1)
  A necromancer (IceCv)
  A cyclops (shapeshifter) (D:15)
  10 deep elf magi
  4 orc sorcerers
  An oklob plant (Gauntlet)
  12 ugly things
  2 cyclopes (D:15)
  4 elephants (Lair:6)
  2 ice statues (IceCv)
  A merfolk siren (Lair:3)
  2 black mambas (Lair:6)
  4 gargoyles
  14 spiny frogs
  2 freezing wraiths (D:14)
  8 komodo dragons
  A rime drake (Lair:3)
  A yaktaur (shapeshifter) (D:15)
  6 polar bears
  10 ice devils (IceCv)
  A queen bee (D:10)
  7 trolls
  3 hornets (D:14)
  A slime creature (Gauntlet)
  2 wolf spider simulacra (D:14)
  A meliai zombie (D:15)
  Prince Ribbit (D:8)
  6 dream sheep (Lair:4)
  8 redbacks (D:13)
  12 hippogriffs
  Sigmund (D:2)
  6 wyverns
  2 vampires
  5 wraiths
  4 basilisks
  33 yaks
  6 vampire mosquitoes
  5 hungry ghosts
  4 acid dragons
  3 wargs (Orc:1)
  A soldier ant (D:13)
  A harpy simulacrum (D:15)
  13 water moccasins
  8 porcupines
  24 orc warriors
  A hornet zombie (D:15)
  A necrophage (D:10)
  4 sky beasts
  5 ice beasts
  A black bear (D:12)
  9 ogres
  12 wolves
  An eye of draining (D:11)
  3 phantoms
  19 centaurs
  10 crocodiles
  2 big kobolds
  14 bullfrogs
  3 scorpions
  5 small abominations (Gauntlet)
  A troll zombie (D:9)
  14 killer bees (D:10)
  5 wights (D:15)
  An electric eel (Lair:5)
  3 vampire bats (Lair:3)
  A bullfrog zombie (D:8)
  6 crimson imps
  A quasit (D:10)
  2 centaur zombies
  8 jellies
  4 centaur skeletons
  3 bullfrog skeletons
  7 hounds
  13 orc priests
  3 iguanas
  22 orc wizards
  3 spriggan simulacra (IceCv)
  11 worker ants
  A troll simulacrum (IceCv)
  5 ogre zombies (D:9)
  4 centaur simulacra
  A hound skeleton (D:4)
  Robin (D:2)
  A worker ant zombie (D:6)
  8 adders
  3 ogre simulacra (IceCv)
  5 shadow imps
  2 white imps (D:14)
  2 ufetubi (D:14)
  3 oozes
  An adder zombie (D:6)
  An adder skeleton (D:4)
  4 worms
  A dart slug (D:4)
  5 leopard geckos
  87 orcs
  2 giant cockroaches (D:5)
  15 goblins
  5 hobgoblins
  5 jackals
  9 kobolds
  3 quokkas
  2 ball pythons
  15 bats
  3 frilled lizards
  A goblin skeleton (D:9)
  A goblin zombie (D:9)
  A hobgoblin zombie (D:9)
  A leopard gecko skeleton (D:5)
  An orc skeleton (D:9)
  15 orc zombies (D:9)
  5 rats
  2 fungi
  3 plants (Lair:6)
719 creatures vanquished.

Vanquished Creatures (collateral kills)
  Maggie (D:6)
  A polar bear (D:14)
  A wraith (D:14)
  An ice beast (D:14)
  2 orc priests (Orc:2)
  An orc wizard (Orc:2)
  4 orcs (Orc:2)
11 creatures vanquished.

Vanquished Creatures (others)
  A dancing weapon (Orc:2)
  An orc warrior (Orc:2)
  133 fulminant prisms
  10 fungi
  9 plants
154 creatures vanquished.

Grand Total: 884 creatures vanquished

Notes
Turn   | Place    | Note
-------+----------+-------------------------------------------
     0 | D:1      | mopl the Naga Conjurer began the quest for the Orb.
     0 | D:1      | Reached XP level 1. HP: 15/15 MP: 3/3
   307 | D:1      | Reached XP level 2. HP: 21/22 MP: 3/5
   316 | D:1      | Learned a level 2 spell: Searing Ray
   726 | D:2      | Noticed Robin
   759 | D:2      | Killed Robin
   759 | D:2      | Reached XP level 3. HP: 17/28 MP: 1/7
   928 | D:2      | Noticed Sigmund
   967 | D:2      | Found a glowing silver altar of Zin.
  1354 | D:2      | Killed Sigmund
  1354 | D:2      | Reached skill level 5 in Conjurations
  1354 | D:2      | Reached XP level 4. HP: 23/36 MP: 3/10
  1354 | D:2      | Reached XP level 5. HP: 27/42 MP: 3/11
  1463 | D:2      | Learned a level 4 spell: Fulminant Prism
  1468 | D:2      | Learned a level 4 spell: Iskenderun's Mystic Blast
  1822 | D:3      | Reached XP level 6. HP: 48/49 MP: 3/12
  2267 | D:4      | Found Vemef's Food Shoppe.
  2267 | D:4      | Found Hoqid's Armour Boutique.
  2298 | D:4      | Reached skill level 1 in Translocations
  2374 | D:4      | Reached skill level 1 in Hexes
  2407 | D:4      | Reached skill level 6 in Conjurations
  2556 | D:4      | Found Timmuot's Distillery.
  2563 | D:4      | Bought a potion of degeneration for 11 gold pieces
  2563 | D:4      | Bought a potion of heal wounds for 55 gold pieces
  2563 | D:4      | Bought a potion of curing for 33 gold pieces
  2563 | D:4      | Bought a potion of berserk rage for 55 gold pieces
  2563 | D:4      | Bought a potion of flight for 33 gold pieces
  2586 | D:4      | Found a shimmering blue altar of Sif Muna.
  2987 | D:4      | Found Sysuyd's Armour Boutique.
  3108 | D:5      | Entered Level 5 of the Dungeon
  3117 | D:5      | Found a shattered altar of Ashenzari.
  3325 | D:5      | Reached XP level 7. HP: 39/55 MP: 8/13
  3868 | D:6      | Learned a level 3 spell: Tukima's Dance
  3885 | D:6      | Noticed Maggie
  3992 | D:5      | Reached skill level 5 in Spellcasting
  3992 | D:5      | Reached skill level 1 in Evocations
  4046 | D:6      | Killed Maggie
  4046 | D:6      | Reached XP level 8. HP: 55/62 MP: 1/16
  4210 | D:6      | Reached skill level 7 in Conjurations
  4304 | D:6      | Found a staircase to the Ecumenical Temple.
  4310 | Temple   | Entered the Ecumenical Temple
  4845 | D:7      | Found a shadowy altar of Dithmenos.
  4845 | D:7      | Noticed a shadow
  4847 | D:7      | Found a hazy altar of Hepliaklqana.
  5071 | D:7      | Found a radiant altar of Vehumet.
  5082 | D:7      | Became a worshipper of Vehumet
  5265 | D:7      | Found a blossoming altar of Fedhas.
  5293 | D:7      | Found a sacrificial altar of Ru.
  5372 | D:7      | You fall into a shaft and drop 1 floor!
  5712 | D:7      | Found a hide-covered altar of Uskayaw.
  5716 | D:7      | Found a sparkling altar of Nemelex Xobeh.
  5976 | D:8      | Noticed Prince Ribbit
  5986 | D:8      | Killed Prince Ribbit
  5986 | D:8      | Reached XP level 9. HP: 68/68 MP: 11/18
  5989 | D:8      | Found a burning altar of Makhleb.
  6349 | D:8      | Found an ornate altar of the Wu Jian Council.
  6407 | D:9      | Reached skill level 8 in Conjurations
  6744 | D:9      | Found a staircase to the Lair.
  6798 | D:9      | Noticed a five-headed hydra
  6803 | D:9      | Killed a five-headed hydra
  6981 | D:9      | Reached * piety under Vehumet
  6981 | D:9      | Offered knowledge of Sandblast by Vehumet.
  6985 | D:9      | Reached XP level 10. HP: 64/75 MP: 6/21
  7243 | D:9      | Reached skill level 9 in Conjurations
  7319 | D:9      | Found a staircase to the Orcish Mines.
  7364 | D:9      | Offered knowledge of Shock by Vehumet.
  7365 | D:9      | Reached ** piety under Vehumet
  7781 | D:9      | Reached skill level 5 in Hexes
  7789 | D:9      | Found a roughly hewn altar of Beogh.
  7896 | D:10     | Entered Level 10 of the Dungeon
  7904 | D:10     | Offered knowledge of Frozen Ramparts by Vehumet.
  7904 | D:10     | Reached skill level 5 in Translocations
  7916 | D:10     | Noticed Sonja
  7926 | D:9      | Killed Sonja
  7926 | D:9      | Reached skill level 1 in Fighting
  8214 | D:10     | Reached skill level 5 in Evocations
  8412 | D:10     | Reached *** piety under Vehumet
  8661 | D:10     | Reached skill level 10 in Conjurations
  8965 | D:10     | Reached XP level 11. HP: 85/87 MP: 23/23
  9012 | D:10     | Learned a level 5 spell: Bolt of Magma
  9315 | D:10     | Offered knowledge of Mephitic Cloud by Vehumet.
  9522 | Orc:1    | Entered Level 1 of the Orcish Mines
  9542 | D:9      | Reached **** piety under Vehumet
  9678 | Orc:1    | Offered knowledge of Lee's Rapid Deconstruction by Vehumet.
  9687 | Orc:1    | Reached skill level 1 in Fire Magic
  9894 | Orc:1    | Found a roughly hewn altar of Beogh.
  9921 | Orc:1    | Reached skill level 1 in Earth Magic
 10002 | Orc:1    | You fall into a shaft and drop 1 floor!
 10002 | Orc:2    | Entered Level 2 of the Orcish Mines
 10223 | Orc:2    | Noticed an orc knight
 10261 | Orc:2    | Killed an orc knight
 10439 | Orc:2    | Found a staircase to the Elven Halls.
 10474 | Orc:2    | Found a runed translucent gate.
 10477 | Orc:2    | Found a runed translucent gate.
 10477 | Orc:2    | Found a runed translucent gate.
 10478 | Orc:2    | Noticed a minotaur
 10479 | Orc:2    | Noticed grindst0ne's ghost (journeyman DDAr)
 11043 | D:4      | Bought a +1 kite shield of resistance for 474 gold pieces
 11084 | D:4      | Bought a potion of haste for 110 gold pieces
 11084 | D:4      | Bought a potion of mutation for 88 gold pieces
 11084 | D:4      | Bought a potion of curing for 33 gold pieces
 11084 | D:4      | Bought a potion of curing for 33 gold pieces
 11084 | D:4      | Bought a potion of might for 44 gold pieces
 11172 | Lair:1   | Entered Level 1 of the Lair of Beasts
 11255 | Lair:1   | Reached skill level 1 in Shields
 11260 | D:9      | Reached skill level 11 in Conjurations
 11511 | Lair:1   | Reached ***** piety under Vehumet
 11636 | Lair:1   | Offered knowledge of Starburst by Vehumet.
 11661 | Lair:1   | Learned a level 6 spell: Starburst
 11769 | Lair:1   | Noticed a four-headed hydra
 11778 | Lair:1   | Killed a four-headed hydra
 11778 | Lair:1   | Reached XP level 12. HP: 97/99 MP: 5/25
 13047 | Lair:2   | Got a thick robe
 13058 | Lair:2   | Identified the +5 robe of Veumiw {*Corrode +Blink rPois
                  | MR-} (You found it on level 2 of the Lair of Beasts)
 13659 | Lair:3   | Found a staircase to the Snake Pit.
 13849 | Lair:3   | Noticed a six-headed hydra
 13902 | Lair:3   | Reached skill level 5 in Fighting
 14258 | Lair:3   | Found a staircase to the Shoals.
 14540 | Lair:4   | Noticed Snorg
 14835 | Lair:4   | Killed Snorg
 14835 | Lair:4   | Reached skill level 12 in Conjurations
 14835 | Lair:4   | Gained mutation: You can use your snake-like lower body to
                  | constrict enemies. [Naga growth]
 14835 | Lair:4   | Reached XP level 13. HP: 66/110 MP: 0/26
 15329 | Lair:4   | Reached skill level 5 in Shields
 15427 | Lair:4   | Noticed Josephine
 15436 | Lair:4   | Killed Josephine
 16202 | Lair:5   | Offered knowledge of Freezing Cloud by Vehumet.
 16278 | Lair:6   | Entered Level 6 of the Lair of Beasts
 16394 | Lair:6   | Reached skill level 5 in Fire Magic
 16399 | Lair:6   | Reached skill level 5 in Earth Magic
 16743 | Lair:6   | Found a runed translucent door.
 16743 | Lair:6   | Found a viscous altar of Jiyva.
 16743 | Lair:6   | Found a staircase to the Slime Pits.
 17652 | Lair:1   | Learned a level 6 spell: Freezing Cloud
 17751 | Orc:2    | Reached skill level 10 in Spellcasting
 18115 | Orc:2    | Noticed an orc warlord
 18141 | Orc:2    | Killed an orc warlord
 18249 | Orc:2    | Reached XP level 14. HP: 121/121 MP: 20/28
 18616 | Orc:2    | Reached skill level 13 in Conjurations
 18698 | Orc:2    | Found Xighesk's Book Boutique.
 18698 | Orc:2    | Found Waogag's General Store.
 18702 | Orc:2    | Found Jatzot's Gadget Emporium.
 18702 | Orc:2    | Found Wegecipy's Antique Weapon Boutique.
 18970 | D:11     | Offered knowledge of Fireball by Vehumet.
 19017 | D:11     | You fall into a shaft and drop 1 floor!
 19018 | D:12     | Found Fuci's Antique Armour Shop.
 19157 | D:11     | Found a gate leading to a gauntlet.
 19161 | Gauntlet | Entered a Gauntlet
 19161 | Gauntlet | Found a transporter.
 19161 | Gauntlet | Found a transporter.
 19172 | Gauntlet | Found a transporter.
 19181 | Gauntlet | Found a transporter.
 19196 | Gauntlet | Found a transporter.
 19209 | Gauntlet | Found a transporter.
 19225 | Gauntlet | Noticed a dire elephant
 19226 | Gauntlet | Found a transporter.
 19299 | Gauntlet | Found a transporter.
 19308 | Gauntlet | Found a transporter.
 19311 | Gauntlet | Found a transporter.
 19314 | Gauntlet | Found a transporter.
 19320 | Gauntlet | Found a transporter.
 19343 | Gauntlet | Found a transporter.
 19345 | Gauntlet | Found a large runed translucent door.
 19365 | Gauntlet | Found a transporter.
 19402 | Gauntlet | Found a transporter.
 19404 | Gauntlet | Found a large runed translucent door.
 19404 | Gauntlet | Found a large runed translucent door.
 19405 | Gauntlet | Found a large runed translucent door.
 19405 | Gauntlet | Found a large runed translucent door.
 19406 | Gauntlet | Found a large runed translucent door.
 19406 | Gauntlet | Found a runed translucent door.
 19406 | Gauntlet | Found a large runed translucent door.
 19406 | Gauntlet | Found a runed translucent door.
 19406 | Gauntlet | Found a large runed translucent door.
 19406 | Gauntlet | Found a large runed translucent door.
 19408 | Gauntlet | Found a large runed translucent door.
 19408 | Gauntlet | Found a large runed translucent door.
 19410 | Gauntlet | Found a large runed translucent door.
 19410 | Gauntlet | Found a large runed translucent door.
 19412 | Gauntlet | Found a large runed translucent door.
 19412 | Gauntlet | Found a large runed translucent door.
 19412 | Gauntlet | Found a large runed translucent door.
 19414 | Gauntlet | Found a runed translucent gate.
 19414 | Gauntlet | Found a runed translucent gate.
 19414 | Gauntlet | Found a runed translucent gate.
 19416 | Gauntlet | Found a transporter.
 19578 | Gauntlet | Identified the Compendium of Mutagenic Calling
 19716 | Gauntlet | Got a steaming helmet
 19773 | Gauntlet | Identified the cursed +0 helmet of a Hundred Knaves {rF-
                  | rN++ MP+9 Str-3 Int+4} (You found it in a Gauntlet)
 20406 | D:11     | Found a glowing golden altar of the Shining One.
 22255 | D:14     | Reached XP level 15. HP: 123/129 MP: 20/29
 22260 | D:14     | Offered knowledge of Ozocubu's Refrigeration by Vehumet.
 22327 | D:14     | Found a frozen archway.
 22364 | IceCv    | Entered an ice cave
 22477 | IceCv    | Identified 2 scrolls of acquirement
 22908 | IceCv    | Got a warped hand crossbow
 22909 | IceCv    | Identified the +8 hand crossbow of the Ancient Teeth
                  | {flame, rElec rC+ MR-} (You found it in an ice cave)
 23102 | D:14     | Found a gate to the Vaults.
 23387 | D:14     | Reached skill level 14 in Conjurations
 23613 | D:14     | You fall into a shaft and drop 1 floor!
 23613 | D:15     | Entered Level 15 of the Dungeon
 23680 | D:15     | Found a staircase to the Depths.
 23680 | D:15     | Noticed a fire giant
 23962 | D:14     | Paralysed by a hornet for 3 turns
 24154 | D:15     | Offered knowledge of Irradiate by Vehumet.
 24172 | D:15     | Learned a level 5 spell: Irradiate
 24197 | D:15     | Killed a fire giant
 24702 | D:15     | Reached skill level 1 in Transmutations
 24939 | Elf:1    | Entered Level 1 of the Elven Halls
 25004 | Elf:1    | Reached XP level 16. HP: 106/140 MP: 22/31
 25165 | Elf:1    | HP: 3/140 [balrug/+0 demon whip[a deep elf demonologist]
                  | (14)]
 25165 | Elf:1    | Mangled by a balrug

Illustrated notes

Levels and vault maps discovered:
D:1:      minmay_arrival_glassed_features, layout_basic,
          minmay_stone_trees_small
D:2:      layout_basic, overflow_temple_1_default, hangedman_decor_opposing,
          minmay_misc_feat_chi, uniq_sigmund, uniq_robin
D:3:      layout_basic
D:4:      layout_loops_ring, kennysheep_mini, serial_shops, shop,
          nicolae_shop_stone, shop, shop
D:5:      layout_loops_ring, first_ration, st_stairs_3,
          nicolae_ashenzari_panopticon
D:6:      layout_cave_pools, temple_green, uniq_maggie
D:7:      layout_basic, riverfiend_overflow_shadow_ancestor,
          nicolae_overflow_crystal_walls, vehumet_altar_wand_db, minitemple,
          old_standard_altar
D:8:      layout_cave_pools, lemuel_round_altar, overflow_temple_1_default,
          uniq_prince_ribbit1
D:9:      layout_loops_ring, lair_entry_dummy, zombieorc1_lemuel, special_room
          [special_room_orc]
D:10:     layout_loops_ring, david_nohive_1, st_stairs_3, uniq_sonja
D:11:     layout_loops_ring, gauntlet_entry_generic, serial_glass,
          glass_columns_c, glass_columns_b, feat_on_display, minivault_16,
          tso_altar
D:12:     layout_loops_ring, serial_shops, nicolae_shop_statue_plus
D:13:     layout_stronghold, drop_trap
D:14:     layout_basic, david_vaults_1, solitary_fountain, serial_ice,
          serial_ice_g, serial_ice_n, serial_ice_d, serial_ice_f, serial_ice_o,
          serial_ice_c, portal_ice_cave_entry_animals_and_master
D:15:     grunt_enter_depths_giant_problem, layout_gridville, chequers_garden
Temple:   minmay_temple_curvy_loop
Lair:1:   layout_gridlike
Lair:2:   layout_cave_pods, guppyfry_lair_drakes
Lair:3:   layout_regular_city, minmay_shoals_entry_lonely_mermaid,
          dummy_snake_entry, roderic_batcave, beast_lair_carwin_9
Lair:4:   layout_cave_pods, serial_bayou_pond_d, chequers_serial_rivers_micro_e,
          uniq_josephine, uniq_snorg
Lair:5:   layout_small_grid, beast_lair_carwin_6, serial_bayou_shore_a,
          infiniplex_staircase_pool
Lair:6:   due_jungle_book, layout_regular_city, slime_altar_2,
          patterned_corridor
Orc:1:    layout_caves, basic_altar, lemuel_statue_altar
Orc:2:    grunt_orc_tribal_feast, layout_caves, maelrawn_ghost_gauntlet_escape
Elf:1:    eino_elf_arrival_sip, layout_loops_ring, minmay_elf_demonology,
          amethyst_killhole

Skill      XL: |  1  2  3  4  5  6  7  8  9 10 11 12 13 14 15 |
---------------+----------------------------------------------+-----
Spellcasting   | 4 5 6 7 8 9 10 11 | 11.7
Conjurations   | 5 6 7 8 10 11 12 13 14 | 14.3
Translocations | 1 2 3 4 5 6 |  6.0
Hexes          | 1 2 3 4 5 6 7 |  7.0
Evocations     | 1 3 4 5 6 7 8 9 |  9.0
Fighting       | 2 4 5 6 7 8 |  8.3
Fire Magic     | 2 4 5 6 7 |  7.7
Earth Magic    | 2 4 5 6 7 |  7.6
Shields        | 2 4 6 7 8 |  8.8
Transmutations | 1 |  1.5
Dodging        | |  1.5
Stealth        | |  3.0

Action                   |  1- 3 |  4- 6 |  7- 9 | 10-12 | 13-15 | 16-18 || total
-------------------------+-------+-------+-------+-------+-------+-------++-------
Melee: Spear             |    15 |    30 |       |       |       |       ||    45
       Dagger            |       |     7 |    31 |       |       |       ||    38
       Trident           |       |       |       |   228 |   104 |       ||   332
       Constrict         |       |       |       |       |    53 |       ||    53
       Staff             |       |       |       |       |   144 |       ||   144
Throw: Dart              |       |     1 |     3 |       |       |       ||     4
 Cast: Magic Dart        |    30 |    32 |    10 |    37 |    16 |       ||   125
       Searing Ray       |     3 |    17 |    53 |   116 |   197 |    11 ||   397
       Tukima's Dance    |       |       |     5 |     2 |     2 |       ||     9
       Fulminant Prism   |       |       |     2 |    38 |    90 |     3 ||   133
       Iskenderun's Myst |       |       |       |    19 |    41 |       ||    60
       Bolt of Magma     |       |       |       |     1 |    47 |     3 ||    51
       Starburst         |       |       |       |       |    34 |       ||    34
       Irradiate         |       |       |       |       |     1 |       ||     1
 Abil: Spit Poison       |    14 |    13 |    12 |     3 |     2 |       ||    44
Evoke: Wand              |       |       |     4 |    12 |     7 |       ||    23
       Staff of energy   |       |       |       |    33 |   199 |     3 ||   235
  Use: Scroll            |     1 |     2 |     1 |    10 |    15 |       ||    29
       Potion            |       |       |       |       |     2 |     1 ||     3
 Stab: Sleeping          |       |     1 |     4 |     3 |     2 |       ||    10
       Paralysed         |       |       |       |     5 |       |       ||     5
  Eat: Chunk             |     2 |     6 |     4 |    28 |    33 |     1 ||    74
       Ration            |       |       |     2 |     1 |     2 |       ||     5
Armor: Robe              |     8 |    19 |     9 |       |       |       ||    36
       Steam dragon scal |       |       |    32 |   128 |       |       ||   160
       Troll leather arm |       |       |       |    99 |   202 |       ||   301
Dodge: Dodged            |    15 |    25 |    48 |   213 |   239 |     2 ||   542
Block: Kite shield       |       |       |       |   101 |   348 |     3 ||   452
